 Dungeon Crawl Stone Soup version 0.25.1-2-g60ff931df9 (webtiles) character file.

Game seed: 8276080732998193284

79 Allula97 the Skirmisher (level 4, 0/29 HPs)
             Began as a Gargoyle Fighter on Nov 18, 2020.
             Slain by an orc
             ... wielding a +0 flail
              (7 damage)
             ... on level 3 of the Dungeon.
             The game lasted 00:03:33 (2006 turns).

Allula97 the Skirmisher (Gargoyle Fighter)          Turns: 2006, Time: 00:03:34

Health: 0/29       AC: 10    Str: 21    XL:     4   Next: 38%
Magic:  4/4        EV:  7    Int:  8    God:
Gold:   163        SH:  9    Dex:  9    Spells: 3/3 levels left

rFire    . . .     SeeInvis .   a - +0 flail
rCold    . . .     Gourm    .   c - +0 kite shield
rNeg     + . .     Faith    .   b - +0 scale mail
rPois    ∞         Spirit   .   (no helmet)
rElec    +         Reflect  .   (no cloak)
rCorr    .         Harm     .   (no gloves)
MR       .....                  (no boots)
Stlth    ..........             (no amulet)
HPRegen  0.09/turn              (no ring)
MPRegen  0.09/turn              (no ring)

@: no status effects
A: negative energy resistance 1, electricity resistance, unbreathing,
petrification resistance, rot immunity, AC +3
a: no special abilities


You were on level 3 of the Dungeon.
You were not hungry.

You visited 1 branch of the dungeon, and saw 3 of its levels.

You collected 163 gold pieces.

Inventory:

Hand Weapons
 a - a +0 flail (weapon)
Armour
 b - a +0 scale mail (worn)
 c - a +0 kite shield (worn)
Scrolls
 g - a scroll of blinking {unknown}
 i - 3 scrolls of remove curse {unknown}
 j - 3 scrolls of identify {unknown}
 k - 3 scrolls of noise {unknown}
 l - a scroll of amnesia {unknown}
 m - a scroll of enchant armour {unknown}
 o - a scroll of immolation {unknown}
Potions
 d - a potion of might
 e - a potion of lignification {unknown}
 h - a potion of cancellation {unknown}
 n - a potion of curing {unknown}
Comestibles
 f - 2 rations


   Skills:
 * Level 4.0 Fighting
 * Level 2.9 Maces & Flails
 * Level 3.6 Armour
 * Level 0.7 Dodging
 * Level 3.8 Shields


You had 3 spell levels left.
You didn't know any spells.
Your spell library was empty.

Dungeon Overview and Level Annotations

Branches:
Dungeon (3/15)

Altars:
Yredelemnul


Innate Abilities, Weirdness & Mutations

You are resistant to torment.
Your stone body is resilient. (AC +3)
You are immune to poison.
You resist negative energy. (rN+)
You are resistant to electric shocks. (rElec)
You can survive without breathing.
You are immune to petrification.
You are immune to rotting.


Message History

The orc wizard casts a spell at you. The magic dart hits you.
* * * LOW HITPOINT WARNING * * *
The orc barely misses you.
The orc wizard hits you but does no damage.
You hit the orc wizard but do no damage.
The orc wizard hits you but does no damage.
The orc hits you but does no damage.
The orc wizard hits you but does no damage.
You barely miss the orc wizard.
The orc wizard hits you but does no damage.
You block the orc's attack. You block the orc wizard's attack.
You barely miss the orc wizard.
The orc wizard mumbles some strange words.
The orc wizard blinks!
You block the orc's attack.
You hit the orc but do no damage.
The orc wizard casts a spell.
The orc wizard blinks!
The orc closely misses you. You block the orc's attack.
You closely miss the orc. The orc hits you with a +0 flail!
You die...

#. #. ##.# #...
#...####### .#
#.$....@o.# .#
####..§o####.# .#
...........#)###.####
..............#.....
...........#..#..#.#
##......o###..#..#.#
#.#...............#.#
#.......######..###.#
#.#...#.# #......#


You could see an orc wizard (fast) and an orc.

Vanquished Creatures
  An adder (D:2)
  2 oozes
  A dart slug (D:1)
  A leopard gecko (D:1)
  7 orcs (D:3)
  7 goblins
  3 hobgoblins (D:1)
  4 jackals (D:2)
  9 kobolds
  3 ball pythons (D:1)
  5 bats
  6 frilled lizards
  5 rats
54 creatures vanquished.

Notes
Turn   | Place    | Note
-------+----------+-------------------------------------------
     0 | D:1      | Allula97 the Gargoyle Fighter began the quest for the Orb.
     0 | D:1      | Reached XP level 1. HP: 14/14 MP: 1/1
   237 | D:1      | Reached XP level 2. HP: 19/19 MP: 2/2
   727 | D:1      | Reached XP level 3. HP: 19/23 MP: 3/3
  1184 | D:2      | Found a faded altar of an unknown god.
  1267 | D:2      | Found a basalt altar of Yredelemnul.
  1865 | D:3      | Reached XP level 4. HP: 27/29 MP: 4/4
  1974 | D:3      | Reached skill level 4 in Fighting
  2006 | D:3      | Slain by an orc

Illustrated notes

Levels and vault maps discovered:
D:1:      zelgadis_glass_arrival_small, layout_basic
D:2:      layout_basic, yredelemnul_altar_generic, first_ration,
          chequers_ecumenical_altar_simple
D:3:      layout_loops_cross, grunt_temple_overflow_champion_of_chaos,
          minivault_11

Skill      XL: |  1  2  3  4 |
---------------+-------------+-----
Fighting       | 4 |  4.0
Maces & Flails | |  2.9
Armour         | |  3.6
Dodging        | |  0.7
Shields        | |  3.8

Action                   |  1- 3 |  4- 6 || total
-------------------------+-------+-------++-------
Melee: Flail             |   136 |    53 ||   189
  Eat: Chunk             |     3 |     1 ||     4
Armor: Scale mail        |    76 |    33 ||   109
Dodge: Dodged            |    40 |    25 ||    65
Block: Kite shield       |    84 |    30 ||   114
